AoeStats
← Leon.Watch

Arabia

505868353Analyzed
3v3 RM · 20d ago on Sep 11, 2026· 35m 52s· 6 players
Game mode
Random Map
Map size
Normal (6 player)
Population
200
Speed
Normal
Resources
Standard
Victory
Conquest
Starting age
Dark Age
Ending age
Imperial Age
RankedLock teamsTeams togetherTeam positionsShared explorationLock speedFull tech treeHidden civsTurbo modeCheats
Victory
Defeat
🇹🇷 Persians · Türkiye
1528
+10
🇻🇳 Romans · Vietnam
1524
+10
🇩🇪 Bengalis · Germany
1485
+12
🇨🇳 Wei · China
1422
-12
🇨🇳 Shu · China
1384
-10
🇨🇳 Wu · China
1368
-12
DALAT_M<O>NGKHAN
6:23 Loom
8:51 Feudal Age
9:59 Double-Bit Axe
14:01 Fletching
16:51 Padded Archer Armor
25:16 Castle Age
25:22 Castle Age
23:19 Gold Mining
23:10 Horse Collar
25:21 Crossbowman
25:57 Bodkin Arrow
26:09 Squires
26:28 Leather Archer Armor
26:56 Ballistics
35:33 Imperial Age
33:27 Bow Saw
33:08 Stone Mining
33:22 Heavy Plow
35:13 Wheelbarrow
34:45 Town Watch
36:16 Town Watch
Mazer
7:05 Loom
9:44 Feudal Age
11:37 Double-Bit Axe
13:40 Fletching
13:51 Padded Archer Armor
23:06 Castle Age
21:26 Gold Mining
23:07 Crossbowman
23:47 Bodkin Arrow
24:52 Bow Saw
25:15 Ballistics
25:55 Leather Archer Armor
28:30 Stone Mining
28:52 Horse Collar
29:48 Gold Shaft Mining
31:28 Husbandry
31:39 Bloodlines
35:14 Wheelbarrow
VirSpiritualis
4:48 Loom
4:56 Loom
8:09 Feudal Age
6:25 Loom
8:40 Double-Bit Axe
9:31 Horse Collar
15:06 Scale Barding Armor
16:40 Wheelbarrow
20:55 Castle Age
19:05 Gold Mining
19:55 Forging
21:46 Chain Barding Armor
21:38 Bow Saw
21:40 Heavy Plow
23:24 Bloodlines
24:56 Husbandry
29:11 Hand Cart
32:51 Gold Shaft Mining
32:20 Stone Mining
35:36 Imperial Age
34:48 Iron Casting
35:17 Stone Shaft Mining
36:44 Plate Barding Armor
37:15 Two-Man Saw
35:41 Cavalier
Leon.Watch
6:38 Loom
9:18 Feudal Age
9:50 Double-Bit Axe
13:22 Fletching
30:49 Castle Age
31:36 Bodkin Arrow
31:57 Crossbowman
34:54 Wheelbarrow
35:51 Padded Archer Armor
ezer
6:54 Loom
9:18 Feudal Age
9:49 Town Watch
10:03 Double-Bit Axe
12:13 Fletching
17:21 Padded Archer Armor
19:24 Wheelbarrow
22:06 Castle Age
21:01 Horse Collar
22:08 Crossbowman
22:44 Bodkin Arrow
23:38 Bow Saw
25:56 Leather Archer Armor
28:48 Town Watch
ThompsonAK
6:16 Loom
9:12 Feudal Age
9:39 Double-Bit Axe
9:51 Horse Collar
19:37 Scale Barding Armor
20:52 Wheelbarrow
20:39 Forging
22:22 Gold Mining
26:21 Castle Age
25:53 Stone Mining
27:50 Chain Barding Armor
27:42 Bow Saw
27:34 Heavy Plow
28:25 Husbandry
28:35 Bloodlines
31:09 Iron Casting
33:08 Gold Shaft Mining
Connection lost

Rejoining the realm…

Still unreachable

The connection could not be restored.

Session expired

The server has moved on; the page needs a fresh start.